 Dungeon Crawl Stone Soup version 0.24-a0-417-g1cce26a4d2 (webtiles) character file.

Game seed: 15584986564471271354

6 Anon1729 the Conjurer (level 1, 0/14 HPs)
             Began as a Minotaur Conjurer on June 10, 2019.
             Killed from afar by a dart slug (6 damage)
             ... with a slug dart
             ... on level 1 of the Dungeon.
             The game lasted 00:01:08 (386 turns).

Anon1729 the Conjurer (Minotaur Conjurer)            Turns: 386, Time: 00:01:09

Health: 0/14       AC:  2    Str: 12    XL:     1   Next: 75%
Magic:  0/1        EV: 12    Int: 12    God:
Gold:   15         SH:  0    Dex: 10    Spells: 1/2 levels left

rFire    . . .     SeeInvis .   d - +0 dagger
rCold    . . .     Gourm    .   (no shield)
rNeg     . . .     Faith    .   a - +0 robe
rPois    .         Spirit   .   (helmet restricted)
rElec    .         Reflect  .   (no cloak)
rCorr    .         Harm     .   (no gloves)
MR       .....                  (no boots)
Stlth    ++........             (no amulet)
HPRegen  0.04/turn              (no ring)
MPRegen  0.07/turn              (no ring)

@: very slightly contaminated
A: retaliatory headbutt, horns 2
a: no special abilities


You were on level 1 of the Dungeon.
You were not hungry.

You visited 1 branch of the dungeon, and saw 1 of its levels.

You collected 15 gold pieces.

Inventory:

Hand Weapons
 d - a +0 dagger (weapon)
 e - a +0 mace
Armour
 a - a +0 robe (worn)
Scrolls
 b - a scroll of amnesia {unknown}
Potions
 f - a potion of heal wounds {unknown}
Comestibles
 c - a ration


   Skills:
 + Level 2.3 Dodging
 + Level 1.7 Stealth
 + Level 1.4 Spellcasting
 + Level 3.0 Conjurations


You had one spell level left.
You knew the following spells:

 Your Spells              Type           Power        Failure   Level  Hunger
a - Magic Dart            Conj           #...         9%          1    ##.....

Your spell library contained the following spells:

 Spells                   Type           Power        Failure   Level  Hunger
 Searing Ray              Conj           #.....       12%         2    ###....
 Dazzling Spray           Conj/Hex       #.....       43%         3    ####...
 Iskenderun's Mystic Bla  Conj           #.......     63%         4    #####..
 Force Lance              Conj/Tloc      #.......     83%         4    #####..
 Fulminant Prism          Conj/Hex       #.........   83%         4    #####..


Dungeon Overview and Level Annotations

Branches:
Dungeon (1/15)

Altars:


Innate Abilities, Weirdness & Mutations

You reflexively headbutt those who attack you in melee.
You have a pair of horns on your head.


Message History

The bat hits you.
Casting: Magic Dart (safe; 9% risk of failure)
Confirm with . or Enter, or press ? or * to list all spells.
Aiming: Magic Dart (safe; 9% risk of failure)
Press: ? - help, Shift-Dir - straight line, f - dart slug
Aim: a dart slug (clinging)
You miscast Magic Dart.
You are very lightly contaminated with residual magic.
Your skin glows momentarily.
The dart slug launches a dart at you. The slug dart misses you.
The bat misses you. The bat closely misses you. The bat barely misses you.
You furiously retaliate!
You headbutt the bat!
You kill the bat!
The dart slug launches a dart at you. The slug dart hits you!
Ouch! That really hurt!
The dart slug launches a dart at you. The slug dart hits you.
You die...

#.# . .# #.# ....#####.###
............. #
###..####.### #.
#..####.### #####.####
#..........
.........#######.#..##.###
#...w@...[............
.......#†#######.##.##.###
.......+.# #...........
.......#.# #..##..#....
.......#.# #..##..#..##
.......#.# #..##......#
....w..#.# #..##....#..
.......#.# #..##....#..
#..##......#


You could see a dart slug.

Vanquished Creatures
  A dart slug (D:1)
  2 goblins (D:1)
  A bat (D:1)
4 creatures vanquished.

Notes
Turn   | Place    | Note
-------+----------+-------------------------------------------
     0 | D:1      | Anon1729 the Minotaur Conjurer began the quest for the Orb.
     0 | D:1      | Reached XP level 1. HP: 14/14 MP: 1/1
     4 | D:1      | Reached skill level 3 in Conjurations
   386 | D:1      | Killed from afar by a dart slug

Levels and vault maps discovered:
D:1:      scummos_arrival_star, layout_basic, minmay_close_crescents

Skill      XL: |  1 |
---------------+----+-----
Conjurations   | 3 |  3.0
Dodging        | |  2.3
Stealth        | |  1.7
Spellcasting   | |  1.4

Action                   || total
-------------------------++-------
Melee: Dagger            ||     3
 Cast: Magic Dart        ||     5
Armor: Robe              ||     4
Dodge: Dodged            ||     8

Table legend:
 A = Non-vault XP
 B = Vault XP
 C = Vault XP percentage of total XP
 D = Non-vault monster count
 E = Vault monster count
 F = Vault count percentage of total count
                 A         B        C        D         E       F
            +---------+---------+-------+---------+---------+-------
      Total |       9 |       0 |   0.0 |       4 |       0 |   0.0
            +---------+---------+-------+---------+---------+-------
        D:1 |       9 |       0 |   0.0 |       4 |       0 |   0.0
            +---------+---------+-------+---------+---------+-------
